 Dungeon Crawl Stone Soup version 0.28-a0-1117-g0bdd5ba030 (webtiles) character file.

Game seed: 17501654480334479382

70153 vurker the Eclecticist (level 14, 34/72 HPs)
             Began as a Felid Air Elementalist on Dec 11, 2021.
             Was a High Priest of Vehumet.
             Quit the game on level 14 of the Dungeon.
             The game lasted 00:47:45 (37571 turns).

vurker the Eclecticist (Felid Air Elementalist)    Turns: 37571, Time: 00:47:45

Health: 34/72      AC:  3    Str:  8    XL:     14   Next: 93%
Magic:  7/46       EV: 28    Int: 24    God:    Vehumet [*****.]
Gold:   3878       SH:  0    Dex: 24    Spells: 32/50 levels left
                                        Lives:  1   Deaths: 2

rFire   . . .      SeeInvis +   (weapon unavailable)
rCold   + . .      Faith    .   (shield unavailable)
rNeg    . . .      Spirit   .   (armour unavailable)
rPois   +          Reflect  .   (helmet unavailable)
rElec   .          Harm     .   (cloak unavailable)
rCorr   .          Rampage  .   (gloves unavailable)
Will    +++++                   (boots unavailable)
Stlth   +++++.....              l - amulet of Past Mistakes {RegenMP Fragile Will+++ Str+4 Dex+7}
HPRegen 0.22/turn               m - ring of poison resistance
MPRegen 0.70/turn               r - ring of magical power

@: quick
A: very small, claws 1, fangs 3, see invisible, speed 1, shaggy fur 3, stealthy
paws, no weapons or thrown items, no armour, multi-lived
a: Renounce Religion


You were on level 14 of the Dungeon.
You worshipped Vehumet.
Vehumet was extremely pleased with you.
You visited 4 branches of the dungeon, and saw 23 of its levels.
You also visited: Ossuary.

You collected 4138 gold pieces.
You spent 260 gold pieces at shops.

Inventory:

Jewellery
 g - a ring of protection from cold
   (You found it on level 5 of the Lair of Beasts)
 h - a ring of resist corrosion
   (You found it on level 2 of the Dungeon)
 l - the amulet of Past Mistakes (around neck) {RegenMP Fragile Will+++ Str+4 Dex+7}
   (You acquired it on level 7 of the Dungeon)

   [amulet of magic regeneration]

   It increases your rate of magic regeneration.
   Str:       It affects your strength (+4).
   Dex:       It affects your dexterity (+7).
   Fragile:   It will be destroyed if unequipped.
   Will:      It greatly increases your willpower.
 m - a ring of poison resistance (left paw)
   (You bought it in a shop on level 10 of the Dungeon)
 r - a ring of magical power (right paw)
   (You found it on level 1 of the Dungeon)
 D - a ring of protection from fire
   (You found it on level 13 of the Dungeon)
Wands
 a - a wand of mindburst (12)
   (You took it off Joseph on level 7 of the Dungeon)
 d - a wand of iceblast (16)
   (You found it on level 5 of the Dungeon)
 t - a wand of flame (49)
   (You took it off an orc wizard on level 6 of the Dungeon)
 u - a wand of paralysis (6)
   (You took it off Sonja on level 3 of the Lair of Beasts)
 v - a wand of digging (8)
   (You found it on level 5 of the Lair of Beasts)
 x - a wand of acid (25)
   (You found it on level 8 of the Dungeon)
 E - a wand of charming (5)
   (You found it on level 14 of the Dungeon)
Scrolls
 e - a scroll of blinking
 j - 4 scrolls of teleportation
 k - 3 scrolls of amnesia
 p - a scroll of immolation
 w - a scroll of magic mapping
 B - 2 scrolls of fear
 C - a scroll of identify
Potions
 b - a potion of magic
 c - 4 potions of haste
 f - 10 potions of curing
 i - 4 potions of lignification
 n - 3 potions of brilliance
 o - 2 potions of cancellation
 q - a potion of mutation
 s - a potion of attraction {unknown}
 y - 2 potions of heal wounds
 z - a potion of resistance {unknown}
 A - 2 potions of ambrosia


   Skills:
 + Level 14.9 Fighting
 + Level 11.1 Dodging
 + Level 11.2 Stealth
 * Level 18.7 Spellcasting
 - Level 3.0 Conjurations
 * Level 10.3 Air Magic


You had 32 spell levels left.
You knew the following spells:

 Your Spells              Type           Power      Damage    Failure   Level
a - Shock                 Conj/Air       100%       1d9       1%          1
b - Lightning Bolt        Conj/Air       26%        1d42      1%          5
c - Airstrike             Air            32%        N/A       1%          4
f - Maxwell's Capacitive  Air            32%        ∞         45%         8

Your spell library contained the following spells:

 Spells                   Type           Power      Damage    Failure   Level
 Hailstorm                Conj/Ice       29%        3d8       3%          4
 Static Discharge         Conj/Air       53%        N/A       1%          2
 Swiftness                Air            64%        N/A       1%          3
 Animate Skeleton         Necr           44%        N/A       2%          1
 Apportation              Tloc           44%        N/A       2%          1
 Beastly Appendage        Tmut           44%        N/A       2%          1
 Summon Small Mammal      Summ           88%        N/A       2%          1
 Summon Lightning Spire   Summ/Air       47%        N/A       2%          4
 Ensorcelled Hibernation  Hex/Ice        44%        N/A       3%          2
 Sublimation of Blood     Necr           22%        N/A       3%          2
 Wereblood                Tmut           22%        N/A       3%          2
 Gell's Gravitas          Tloc           22%        N/A       6%          3
 Spider Form              Tmut/Pois      22%        N/A       6%          3
 Summon Guardian Golem    Hex/Summ       22%        N/A       6%          3
 Teleport Other           Tloc           22%        N/A       6%          3
 Irradiate                Conj/Tmut      14%        3d18      9%          5
 Lee's Rapid Deconstruct  Erth           11%        3d9*      16%         5
 Leda's Liquefaction      Hex/Erth       11%        N/A       22%         4
 Blade Hands              Tmut           11%        N/A       52%         5
 Orb of Destruction       Conj           18%        9d8       75%         7
 Spellforged Servitor     Conj/Summ      14%        N/A       90%         7
 Storm Form               Tmut/Air       23%        N/A       91%         7
 Dispersal                Tloc           11%        N/A       97%         6
 Statue Form              Tmut/Erth      14%        N/A       97%         6
 Dragon Form              Tmut           11%        N/A       100%        7
 Summon Hydra             Summ           11%        N/A       100%        7


Dungeon Overview and Level Annotations

Branches:
Dungeon (14/15)            Temple (1/1) D:5            Lair (6/6) D:8
  Swamp (0/4) Lair:3        Snake (0/4) Lair:4        Slime (0/5) Lair:5
    Orc (2/2) D:10            Elf (0/3) Orc:2        Vaults (0/5) D:13
Ossuary (visited)

Altars:
Ashenzari
Cheibriados
Dithmenos
Elyvilon
Fedhas
Gozag
Hepliaklqana
Kikubaaqudgha
Makhleb
Nemelex Xobeh
Okawaru
Qazlal
Ru
Sif Muna
Trog
Uskayaw
Vehumet
Wu Jian
Xom
Yredelemnul
Zin
The Shining One
Beogh
Jiyva
Lugonu

Shops:
D:1 (   D:2 [   D:5 (   D:10 *==   Orc:1 (   Orc:2 (*=*

Annotations:
D:4 3 runed translucent doors, Stil's ghost, novice DEFE; casual's ghost, amateur DsTm; hansi's ghost, novice GrFi
D:7 1 runed translucent door, t4s4d4r's ghost, novice DgCj
D:12 2 transporters, ThreePoint314's ghost, journeyman HOFi
Lair:6 1 runed translucent door, 1 exclusion


Innate Abilities, Weirdness & Mutations

You have sharp claws.
You have razor-sharp teeth.
You have supernaturally acute eyesight. (SInv)
You cover ground quickly. (Speed+)
Your thick and shaggy fur keeps you warm. (AC +3, rC+)
Your paws help you pounce on unaware monsters.
You are incapable of wielding weapons or throwing items.
You cannot wear armour.
You gain extra lives every three experience levels.


Message History

You feel your power returning.
A skeletal warrior comes into view. It is wielding a +0 halberd.
The centaur warrior shoots an arrow.
The arrow closely misses you.
The centaur warrior shoots an arrow.
The arrow misses you.
There is an open door here.
Aim: a skeletal warrior, wielding a +0 long sword of flaming (severely damaged, 64% to hit)
You hear a mighty clap of thunder!
The bolt of lightning hits the skeletal warrior!!
You destroy the skeletal warrior!
Vehumet accepts your kill.
You feel your power returning.
The centaur warrior shoots an arrow.
The arrow completely misses you.
Aim: a centaur warrior, wielding a +0 shortbow and quivering arrows (moderately wounded, empty space bonus: 8/8)
The air twists around and strikes the centaur warrior!
The centaur warrior shoots an arrow.
The arrow barely misses you.
The centaur warrior shoots an arrow.
The arrow completely misses you.
Aim: a centaur warrior, wielding a +0 shortbow and quivering arrows (moderately wounded, empty space bonus: 8/8)
The air twists around and strikes the centaur warrior!
The centaur warrior shoots an arrow.
The arrow closely misses you.
Aim: a centaur warrior, wielding a +0 shortbow and quivering arrows (heavily wounded, empty space bonus: 6/8)
The air twists around and strikes the centaur warrior!!
The centaur warrior shoots an arrow.
The arrow hits you!!
* * * LOW HITPOINT WARNING * * *
The wizard mumbles some strange words.
The wizard blinks!
Unknown command.
Aim: a centaur warrior, wielding a +0 shortbow and quivering arrows (almost dead, empty space bonus: 7/8)
The air twists around and strikes the centaur warrior!
You kill the centaur warrior!
Vehumet accepts your kill.
The wizard mumbles some strange words.
The wizard blinks!
Aim: a skeletal warrior, wielding a +0 halberd (64% to hit)
You hear a mighty clap of thunder!
The bolt of lightning hits the skeletal warrior!
The bolt of lightning hits the wizard.
The wizard gestures wildly while chanting.
The wizard flickers and vanishes for a moment.
Aim: a skeletal warrior, wielding a +0 halberd (moderately damaged, 64% to hit)
You hear a mighty clap of thunder!
The bolt of lightning hits the skeletal warrior!!
The bolt of lightning hits the wizard!
The skeletal warrior completely misses you.
You don't have enough magic to cast this spell.
The wizard shouts, "You are history!"
Aim: a skeletal warrior, wielding a +0 halberd (severely damaged, 74% to hit)
The zap hits the skeletal warrior but does no damage.
The zap misses the skeletal warrior.
The wizard points at you and mumbles some strange words.
You resist with almost no effort. The skeletal warrior barely misses you.

### #.# # #####.# #..
..#...#
##.####.#.#.###
#.....#.#.....#
#..#.##.###.#.#
####..#.##.#....@#
#.....#....#.###.#
#...#.#..........#
#...'........###.#####
#.).#>#.....z..z.....#
..)...#..........###.#
......#.############.#
....###.##...........#
..... ..##.###########


You could see a skeletal warrior.

Vanquished Creatures
  Gastronok (Lair:3)
  Snorg (Lair:3)
  A fire dragon (D:14)
  4 vault guards
  9 hydras
  5 centaur warriors
  3 catoblepae
  3 boulder beetles
  4 ogre magi (Orc:2)
  26 two-headed ogres
  A death knight (D:12)
  13 death yaks
  Urug (Lair:3)
  Sonja (Lair:3)
  2 skeletal warriors (D:14)
  2 orc knights
  6 lindwurms
  2 phantasmal warriors (D:12)
  Pikel (D:7)
  2 deep elf pyromancers
  A necromancer (Lair:2)
  7 cyclopes
  An orc sorcerer (Orc:2)
  2 manticores
  An ugly thing (D:14)
  14 elephants
  5 black mambas
  Joseph (D:7)
  7 torpor snails (Lair:6)
  16 cane toads
  2 unseen horrors (D:11)
  6 rime drakes
  2 freezing wraiths
  9 komodo dragons
  3 tyrant leeches (Lair:6)
  2 polar bears (Lair:6)
  12 trolls
  3 slime creatures (D:13)
  Prince Ribbit (D:7)
  27 blink frogs
  7 hornets (Lair:6)
  16 dream sheep
  3 wraiths
  82 yaks
  2 vampires
  9 basilisks
  A steam dragon (D:9)
  4 wyverns
  12 vampire mosquitoes
  Menkaure (D:7)
  3 acid dragons
  2 nagas (Lair:4)
  12 water moccasins
  A meliai simulacrum (D:14)
  An ice beast (D:7)
  13 orc warriors
  6 black bears
  A hornet zombie (D:7)
  A sky beast (D:7)
  27 ogres
  16 wolves
  4 necrophages
  12 centaurs
  A kobold brigand (D:6)
  An elf zombie (Ossuary)
  17 bullfrogs
  3 scorpions
  2 wyvern zombies (D:7)
  A water moccasin skeleton (D:5)
  12 wights
  7 killer bees (D:10)
  2 electric eels
  7 howler monkeys
  3 bullfrog zombies (D:6)
  8 centaur zombies
  A human zombie (Ossuary)
  3 hounds
  13 orc priests
  A centaur skeleton (D:4)
  16 orc wizards
  3 iguanas
  2 yak simulacra (Lair:2)
  4 polar bear simulacra (Lair:2)
  A killer bee zombie (D:7)
  A hound zombie (D:5)
  3 mummies (Ossuary)
  A hound skeleton (D:8)
  A howler monkey zombie (D:9)
  Robin (D:4)
  6 adders
  5 gnolls
  A shadow imp (D:7)
  2 adder zombies (Ossuary)
  5 worms
  3 dart slugs
  57 orcs
  6 ball pythons
  9 endoplasms
  3 giant cockroaches
  11 goblins
  13 hobgoblins
  8 jackals
  8 kobolds
  6 quokkas
  8 bats
  6 frilled lizards
  3 goblin zombies (Ossuary)
  2 hobgoblin zombies (Ossuary)
  A kobold zombie (Ossuary)
  6 quokka zombies (Ossuary)
  7 rats
  2 rat zombies (Ossuary)
  5 river rat simulacra (Lair:2)
744 creatures vanquished.

Vanquished Creatures (others)
  An unseen horror (D:13)
  A bush (Lair:4)
  65 fungi
  109 plants
176 creatures vanquished.

Grand Total: 920 creatures vanquished

Notes
Turn   | Place    | Note
-------+----------+-------------------------------------------
     0 | D:1      | vurker the Felid Air Elementalist began the quest for the
                  | Orb.
     0 | D:1      | Reached XP level 1. HP: 7/7 MP: 4/4
   272 | D:1      | Reached skill level 1 in Conjurations
   451 | D:1      | Reached XP level 2. HP: 12/12 MP: 4/6
   482 | D:1      | Found Ciosch's Antique Weapon Emporium.
   855 | D:1      | Found a faded altar of an unknown god.
  1202 | D:1      | Reached skill level 1 in Fighting
  1202 | D:1      | Reached XP level 3. HP: 15/15 MP: 3/7
  2184 | D:2      | Reached XP level 4. HP: 10/19 MP: 0/9
  2848 | D:2      | Reached skill level 3 in Spellcasting
  3102 | D:2      | Found Mocheil's Antique Armour Emporium.
  3820 | D:3      | Reached XP level 5. HP: 22/22 MP: 6/10
  4343 | D:4      | Noticed a black bear
  4361 | D:4      | Killed a black bear
  4673 | D:4      | Noticed Robin
  4718 | D:4      | Killed Robin
  4719 | D:4      | Gained mutation: You are covered in thick fur. (AC +2)
                  | [Felid growth]
  4719 | D:4      | Reached XP level 6. HP: 26/26 MP: 0/12
  5169 | D:4      | Reached skill level 4 in Spellcasting
  5473 | D:4      | Found a runed translucent gate.
  5474 | D:4      | Found a runed translucent gate.
  5475 | D:4      | Found a runed translucent gate.
  5478 | D:4      | Noticed casual's ghost (amateur DsTm)
  5478 | D:4      | Noticed hansi's ghost (novice GrFi)
  5478 | D:4      | Noticed Stil's ghost (novice DEFE)
  5491 | D:4      | Found a sacrificial altar of Ru.
  5949 | D:5      | Entered Level 5 of the Dungeon
  5989 | D:5      | Found a staircase to the Ecumenical Temple.
  5999 | Temple   | Entered the Ecumenical Temple
  6054 | D:5      | Reached XP level 7. HP: 30/30 MP: 7/14
  6283 | D:5      | Learned a level 4 spell: Airstrike
  6364 | D:5      | Reached skill level 5 in Air Magic
  6458 | D:5      | Found Siponemp's Weapon Boutique.
  6731 | D:5      | Reached skill level 5 in Spellcasting
  6892 | D:5      | Found a shimmering altar of Xom.
  7026 | D:5      | Found a broken altar of Ashenzari.
  8088 | D:6      | Identified a scroll of acquirement
  8088 | D:6      | Acquired 760 gold pieces
  8247 | D:6      | Reached XP level 8. HP: 34/34 MP: 17/17
  8346 | D:6      | Found a shadowy altar of Dithmenos.
  8777 | D:6      | Reached skill level 6 in Spellcasting
  9434 | D:7      | Acquired the amulet of Past Mistakes {RegenMP Fragile
                  | Will+++ Str+4 Dex+7}
  9513 | D:7      | Found a glowing golden altar of the Shining One.
  9522 | D:7      | Noticed Pikel
  9528 | D:7      | Killed Pikel
  9529 | D:7      | Reached XP level 9. HP: 40/40 MP: 13/20
  9559 | D:7      | Reached skill level 7 in Spellcasting
  9651 | D:7      | Reached skill level 5 in Fighting
  9697 | D:7      | Found a sand-covered staircase.
  9702 | Ossuary  | Entered an ossuary
 10077 | D:7      | Noticed Menkaure
 10079 | D:7      | Killed Menkaure
 10129 | D:7      | Found a glowing silver altar of Zin.
 10424 | D:7      | Found a blossoming altar of Fedhas.
 10453 | D:7      | Noticed a troll
 10456 | D:7      | Killed a troll
 10476 | D:7      | Noticed Joseph
 10482 | D:7      | Killed Joseph
 10483 | D:7      | Reached skill level 8 in Spellcasting
 10806 | D:7      | Noticed Prince Ribbit
 10813 | D:7      | Killed Prince Ribbit
 10835 | D:7      | Found a runed translucent door.
 10936 | D:7      | Noticed t4s4d4r's ghost (novice DgCj)
 11132 | D:7      | Reached XP level 10. HP: 37/45 MP: 14/23
 11228 | D:7      | Found a basalt altar of Yredelemnul.
 11997 | D:8      | You fall into a shaft and drop 3 floors!
 12128 | D:10     | Entered Level 10 of the Dungeon
 12145 | D:10     | Found Funopn's Assorted Antiques.
 12164 | D:10     | Found Gaquh's Jewellery Boutique.
 12392 | D:9      | Found an iron altar of Okawaru.
 12725 | D:8      | Found a burning altar of Makhleb.
 12784 | D:8      | Reached skill level 9 in Spellcasting
 13294 | D:8      | Noticed a cyclops
 13298 | D:8      | Killed a cyclops
 13478 | D:8      | Noticed a two-headed ogre
 13483 | D:8      | Killed a two-headed ogre
 13735 | D:8      | Reached skill level 5 in Dodging
 13800 | D:8      | Found a staircase to the Lair.
 14137 | D:9      | Reached XP level 11. HP: 50/50 MP: 23/25
 14144 | D:9      | Reached skill level 10 in Air Magic
 14201 | D:9      | Noticed a two-headed ogre
 14206 | D:9      | Killed a two-headed ogre
 14207 | D:9      | Reached skill level 10 in Spellcasting
 14758 | D:10     | Found Yguss's Jewellery Boutique.
 15018 | D:10     | Found a shimmering blue altar of Sif Muna.
 15018 | D:10     | Found an ancient bone altar of Kikubaaqudgha.
 15026 | D:10     | Found a radiant altar of Vehumet.
 15028 | D:10     | Found a white marble altar of Elyvilon.
 15030 | D:10     | Found a faded altar of an unknown god.
 15033 | D:10     | Became a worshipper of Vehumet
 15079 | D:10     | Found an ornate altar of the Wu Jian Council.
 16330 | D:10     | Found a staircase to the Orcish Mines.
 16439 | D:11     | Reached * piety under Vehumet
 16439 | D:11     | Offered knowledge of Magic Dart by Vehumet.
 16514 | D:11     | Noticed a deep elf pyromancer
 16518 | D:11     | Killed a deep elf pyromancer
 16620 | D:11     | Reached skill level 11 in Spellcasting
 16847 | D:11     | Noticed a two-headed ogre
 16851 | D:11     | Killed a two-headed ogre
 17532 | D:10     | Bought a ring of poison resistance for 260 gold pieces
 17655 | Lair:1   | Entered Level 1 of the Lair of Beasts
 18240 | D:8      | Gained mutation: Your thick and shaggy fur keeps you warm.
                  | (AC +3, rC+) [Felid growth]
 18240 | D:8      | Reached XP level 12. HP: 37/56 MP: 17/28
 18518 | Lair:1   | Reached ** piety under Vehumet
 18546 | D:8      | Offered knowledge of Freeze by Vehumet.
 18603 | Lair:1   | Reached skill level 12 in Spellcasting
 19629 | Lair:2   | You fall into a shaft and drop 1 floor!
 19644 | Lair:3   | Noticed Snorg
 19851 | Lair:3   | Offered knowledge of Mephitic Cloud by Vehumet.
 19892 | Lair:3   | Reached skill level 10 in Dodging
 20045 | Lair:2   | Reached *** piety under Vehumet
 20267 | Lair:2   | Reached skill level 13 in Spellcasting
 20425 | Lair:2   | Reached skill level 10 in Fighting
 20428 | Lair:2   | Reached skill level 5 in Stealth
 20438 | Lair:2   | Offered knowledge of Iskenderun's Mystic Blast by Vehumet.
 21301 | Lair:3   | Noticed Sonja
 21308 | Lair:3   | Killed Sonja
 21314 | Lair:2   | Reached XP level 13. HP: 61/61 MP: 7/31
 21368 | Lair:3   | Noticed Urug
 21377 | Lair:3   | Killed Snorg
 21689 | Lair:3   | Killed Urug
 21814 | Lair:3   | Found a staircase to the Swamp.
 22111 | Lair:3   | Noticed Gastronok
 22117 | Lair:3   | Killed from afar by Gastronok
 22118 | Lair:3   | Reached XP level 12. HP: -1/58 MP: 20/39
 22162 | Lair:3   | Killed Gastronok
 22310 | Lair:4   | Reached **** piety under Vehumet
 22330 | Lair:4   | Noticed a catoblepas
 22342 | Lair:4   | Killed a catoblepas
 22478 | Lair:4   | Noticed a four-headed hydra
 22485 | Lair:4   | Killed a four-headed hydra
 22533 | Lair:4   | Reached skill level 14 in Spellcasting
 22649 | Lair:4   | Offered knowledge of Lightning Bolt by Vehumet.
 23316 | Lair:4   | Found a staircase to the Snake Pit.
 23467 | Lair:4   | Noticed a four-headed hydra
 23472 | Lair:4   | Killed a four-headed hydra
 23934 | Lair:5   | Found a staircase to the Slime Pits.
 23936 | Lair:5   | Found a viscous altar of Jiyva.
 23959 | Lair:5   | Reached XP level 13. HP: 63/63 MP: 31/32
 24076 | Lair:5   | Learned a level 5 spell: Lightning Bolt
 24233 | Lair:5   | Identified the ring of the Demon Prince {Ice Will- rCorr
                  | Str+3}
 24281 | Lair:5   | Reached ***** piety under Vehumet
 24656 | Lair:5   | Offered knowledge of Sticky Flame by Vehumet.
 25156 | Lair:6   | Entered Level 6 of the Lair of Beasts
 25202 | Lair:6   | Reached skill level 15 in Spellcasting
 25327 | Lair:6   | Acquired 592 gold pieces
 25345 | Lair:6   | Reached skill level 10 in Stealth
 26112 | Lair:5   | Found a viscous altar of Jiyva.
 26116 | Lair:5   | Found a staircase to the Slime Pits.
 27773 | Lair:6   | Reached skill level 16 in Spellcasting
 27776 | Lair:6   | Reached XP level 14. HP: 69/69 MP: 22/35
 29086 | Lair:6   | Found a runed translucent door.
 30042 | Lair:6   | Reached skill level 17 in Spellcasting
 31253 | Orc:1    | Entered Level 1 of the Orcish Mines
 31310 | Orc:1    | Found Yhyedep's Weapon Shoppe.
 31847 | Orc:2    | Entered Level 2 of the Orcish Mines
 32279 | Orc:2    | Found a staircase to the Elven Halls.
 32786 | Orc:2    | Reached XP level 15. HP: 75/75 MP: 32/37
 33016 | Orc:2    | Reached skill level 18 in Spellcasting
 33333 | Orc:2    | Found Caocenoh's Assorted Antiques.
 33333 | Orc:2    | Found Lewn's General Store.
 33334 | Orc:2    | Found Cittun's Weapon Emporium.
 33334 | Orc:2    | Found Papymik's Jewellery Shop.
 33985 | D:12     | Found a transporter.
 33985 | D:12     | Noticed ThreePoint314's ghost (journeyman HOFi)
 33986 | D:12     | Noticed a tengu reaver
 33989 | D:12     | Found a transporter.
 33997 | D:12     | Offered knowledge of Hailstorm by Vehumet.
 34083 | D:12     | Reached ****** piety under Vehumet
 34185 | D:12     | Found an opulent altar of Gozag.
 35582 | D:13     | Found a gate to the Vaults.
 36462 | D:13     | Acquired a book of the Sky
 36473 | D:13     | Learned a level 8 spell: Maxwell's Capacitive Coupling
 37471 | D:14     | Mangled by a centaur warrior
 37472 | D:14     | Reached XP level 14. HP: -6/72 MP: 18/46
 37571 | D:14     | Quit the game

Illustrated notes

Levels and vault maps discovered:
D:1:      ncdulo_halloftheorcs, layout_loops_ring, serial_shops,
          nicolae_shop_hallway_plus, shapermc_ecumenical_altar_ellora,
          kennysheep_another_room
D:2:      layout_loops_corners, serial_shops, shop, grunt_decor_cap,
          minmay_misc_feat_square, st_stairs_9, minmay_fractal_squares_gapless_5
D:3:      layout_basic
D:4:      layout_loops_ring, mainiacjoe_overflow_paths,
          gammafunk_ghost_cemetery, uniq_robin
D:5:      layout_layer_cave, general_overflow_altar, xom_butterflies,
          minmay_temple_entry_sparse_star, serial_shops,
          nicolae_shop_bloodbath_and_beyond, hangedman_abyss_or_decor_slice
D:6:      layout_loops_cross, grunt_dithmenos_smoke
D:7:      layout_layer_cave, lemuel_round_altar,
          nicolae_yredelemnul_corpse_copse, lemuel_crystal_altar,
          mainiacjoe_overflow_chevrons, enter_ossuary_5, gammafunk_ghost_grave,
          uniq_prince_ribbit1, uniq_joseph, uniq_menkaure, uniq_pikel
D:8:      layout_basic, makhleb_blood_cavern_becter, erik_lair_dragon,
          minmay_sticks_and_stones
D:9:      layout_roguey, okawaru_metal_pillars_1_2, chequers_mini_garden
D:10:     layout_layer_cave, old_standard_altar,
          chequers_temple_overflow_minitemple, david_orc_5, serial_shops, shop,
          nicolae_shop_hallway_plus, shop
D:11:     layout_stronghold
D:12:     layout_small_grid, gammafunk_ghost_arena, grunt_gozag_breadcrumbs
D:13:     layout_roguey, lightli_vaults_fourway_checkpoint,
          nicolae_elevator_lobby_asterisk
D:14:     kennysheep_room_grid, layout_basic, hex_medium, grunt_decor_fettered,
          minmay_misc_feat_four_crosses
Temple:   corrupted_temple
Lair:1:   layout_roguey
Lair:2:   layout_cave_pods, eino_house_with_fridge, grunt_megastairs_4,
          serial_bayou_shore_a
Lair:3:   layout_chaotic_city, swamp_mist, uniq_urug, uniq_sonja,
          uniq_gastronok, uniq_snorg
Lair:4:   layout_regular_city, guppyfry_snake_entry_garden
Lair:5:   layout_regular_city, slime_altar_1, serial_bayou_pond_d,
          wad_woods_river_01, infiniplex_staircase_pool_2
Lair:6:   wormcave, layout_regular_city, hangedman_lair_in_review,
          hangedman_lair_generics_rect
Orc:1:    layout_caves, serial_shops, shop
Orc:2:    st_orc_ogre_mass, layout_caves

Skill      XL: |  1  2  3  4  5  6  7  8  9 10 11 12 13 14 15 |
---------------+----------------------------------------------+-----
Conjurations   | 1 2 3 |  3.0
Air Magic      | 3 4 5 7 8 9 10 | 10.3
Fighting       | 1 2 3 4 6 7 8 11 12 13 14 | 14.9
Spellcasting   | 3 4 5 6 8 9 11 14 16 17 18 | 18.7
Dodging        | 5 8 10 11 | 11.1
Stealth        | 9 10 11 | 11.2

Action                   |  1- 3 |  4- 6 |  7- 9 | 10-12 | 13-15 || total
-------------------------+-------+-------+-------+-------+-------++-------
Melee: Unarmed           |    19 |    13 |       |     1 |    26 ||    59
       Bite              |     3 |     2 |       |       |     8 ||    13
 Cast: Shock             |   102 |   173 |   210 |   147 |    13 ||   645
       Airstrike         |       |       |    74 |   553 |   872 ||  1499
       Lightning Bolt    |       |       |       |       |   137 ||   137
  Use: Scroll            |       |       |    18 |     8 |    12 ||    38
Armor: Skin              |     1 |     4 |     2 |     4 |    11 ||    22
Dodge: Dodged            |    15 |    33 |    76 |   176 |   236 ||   536
Block: Other             |     3 |    12 |    15 |       |       ||    30
       Reflection        |       |     1 |     2 |       |       ||     3

Table legend: (Time is in decaauts)
 A = Elapsed time spent in this place.
 B = Non-inter-level travel time spent in this place.
 C = Inter-level travel time spent in this place.
 D = Time resting spent in this place.
 E = Time spent auto-exploring this place.
 F = Levels seen in this place.
 G = Mean time per level.
                   A        B        C        D        E       F      G
               +--------+--------+--------+--------+--------+-----+--------+
         Total |  33854 |  32198 |   1656 |   1486 |  25409 |  24 | 1410.6 |
       Dungeon |  19758 |  18812 |    946 |    638 |  15695 |  14 | 1411.3 |
        Temple |     34 |     26 |      8 |      0 |     19 |   1 |   34.0 |
          Lair |  11499 |  10880 |    619 |    814 |   7881 |   6 | 1916.5 |
  Orcish Mines |   2234 |   2152 |     82 |     34 |   1587 |   2 | 1117.0 |
       Ossuary |    327 |    327 |      0 |      0 |    225 |   1 |  327.0 |
               +--------+--------+--------+--------+--------+-----+--------+

Top non-repeatable levels by time:
  Lair:6: 3368 daAuts
  Lair:5: 3185 daAuts
     D:8: 2568 daAuts
     D:1: 1665 daAuts
    D:10: 1649 daAuts
     D:7: 1647 daAuts
   Orc:2: 1608 daAuts
     D:4: 1605 daAuts
     D:2: 1596 daAuts
  Lair:2: 1524 daAuts
     D:5: 1433 daAuts
  Lair:4: 1426 daAuts
     D:6: 1422 daAuts
    D:13: 1266 daAuts
    D:12: 1201 daAuts
